 Dungeon Crawl Stone Soup version 0.30.0-16-gbe6223bb7e (webtiles) character file.

Game seed: 7618258842556879836

644 monsoonserge the Chopper (level 7, -7/54 HPs)
             Began as a Mummy Chaos Knight on May 21, 2023.
             Was a Plaything of Xom.
             Mangled by Crazy Yiuf
             ... wielding a +3 quarterstaff of chaos
              (13 damage)
             ... on level 3 of the Dungeon.
             The game lasted 00:08:24 (2377 turns).

monsoonserge the Chopper (Mummy Chaos Knight)       Turns: 2377, Time: 00:08:24

Health: -7/54      AC:  6    Str: 17    XL:     7   Next: 27%
Magic:  3/7        EV: 12    Int: 11    God:    Xom [...*..]
Gold:   194        SH:  0    Dex: 12    Spells: 6/6 levels left

rFire   . . .        a - +0 hand axe (chaos)
rCold   + + .        (no shield)
rNeg    + + +        b - +2 leather armour
rPois   ∞            (no helmet)
rElec   +            (no cloak)
rCorr   +            e - +0 pair of gloves
SInv    .            (no boots)
Will    .....        (no amulet)
Stlth   +            (no ring)
HPRegen 0.29/turn    (no ring)
MPRegen 0.10/turn

%: faith
@: resistant
A: cold resistance 1, negative energy resistance 3, torment resistance 2, heat
vulnerability 1, in touch with death 1, no potions, faith
a: Renounce Religion


You were on level 3 of the Dungeon.
You worshipped Xom.
You were a favourite toy of Xom.
You visited 1 branch of the dungeon, and saw 3 of its levels.

You collected 194 gold pieces.

Inventory:

Hand Weapons
 a - a +0 hand axe of chaos (weapon)
Missiles
 i - 3 boomerangs
 j - 6 silver javelins
 p - 2 poisoned darts
Armour
 b - a +2 leather armour (worn)
 e - a +0 pair of gloves (worn)
Magical Staves
 m - a staff of conjuration
Scrolls
 d - 2 scrolls of immolation {unknown}
 f - a scroll of silence {unknown}
 g - 5 scrolls of identify {unknown}
 h - 3 scrolls of vulnerability {unknown}
 k - a scroll of brand weapon {unknown}
 l - a scroll of teleportation {unknown}
Potions
 n - a potion of lignification {unknown}
 o - a potion of ambrosia {unknown}
Miscellaneous
 c - a piece from Xom's chessboard (12/15) (quivered)


   Skills:
 + Level 4.3 Fighting
 + Level 4.9 Axes
 + Level 3.0 Armour
 + Level 2.5 Dodging
 + Level 1.1 Stealth
 - Level 1.0 Evocations


You had 6 spell levels left.
You didn't know any spells.
Your spell library contained the following spells:

 Spells                   Type           Power      Damage    Failure   Level
 Portal Projectile        Hex/Tloc       0%         N/A       77%         3
 Tukima's Dance           Hex            0%         N/A       77%         3
 Blade Hands              Tmut           Unusable   N/A       N/A         5

Dungeon Overview and Level Annotations

Branches:
Dungeon (3/15)

Altars:
Nemelex Xobeh
Uskayaw
Xom

Annotations:
D:3 Crazy Yiuf


Innate Abilities, Weirdness & Mutations

You are immune to poison.
Your flesh is cold resistant. (rC+)
You are immune to negative energy. (rN+++)
You are immune to unholy pain and torment.
You are vulnerable to heat. (rF-)
You are in touch with the powers of death.
You do not drink.
You have a special connection with the divine. (Faith)


Message History

Your piece from Xom's chessboard (13/15) has regained one charge.
g - 5 scrolls labelled MOTREU USAO (gained 1)
There is a shimmering altar of Xom here.
Found a glowing hammer.
Found a runed translucent door.
Crazy Yiuf shouts!
Crazy Yiuf waves his quarterstaff at you.
Crazy Yiuf says, "Proton!"
As you open the door, it creaks loudly!
You barely miss Crazy Yiuf.
Crazy Yiuf hits you with a +3 quarterstaff of chaos!
Crazy Yiuf burns you.
You completely miss Crazy Yiuf.
Crazy Yiuf says, "Everyone has the same god; only people differ."
Crazy Yiuf hits you with a +3 quarterstaff of chaos.
You feel protected.
You make a move on Xom's chessboard...
Crazy Yiuf seems to slow down.
Crazy Yiuf says, "The life which is unexamined is not worth living."
Crazy Yiuf hits you with a +3 quarterstaff of chaos.
You barely miss Crazy Yiuf.
Crazy Yiuf hits you with a +3 quarterstaff of chaos!
You feel your power leaking away.
You barely miss Crazy Yiuf.
Crazy Yiuf hits you with a +3 quarterstaff of chaos.
* * * LOW HITPOINT WARNING * * *
Crazy Yiuf burns you.
* * * LOW HITPOINT WARNING * * *
You barely miss Crazy Yiuf. You hit Crazy Yiuf.
Crazy Yiuf is lightly wounded.
Crazy Yiuf hits you with a +3 quarterstaff of chaos.
* * * LOW HITPOINT WARNING * * *
You slash Crazy Yiuf!
Crazy Yiuf is poisoned.
Crazy Yiuf is heavily wounded.
Crazy Yiuf closely misses you.
You closely miss Crazy Yiuf.
Crazy Yiuf is heavily wounded.
You barely miss Crazy Yiuf.
Crazy Yiuf is heavily wounded.
Crazy Yiuf hits you with a +3 quarterstaff of chaos!
You die...

###### # ##### # #...
#####.### .._.....#
.####.#.##♣♣♣♣♣
.#....#..#..♣.♣♣♣ ###
...####...P..♣..♣#...#
######......♣♣♣♣@g...#
.........#P♣♣ ♣♣#..)#
##########♣♣ ###


You could see Crazy Yiuf (very poisoned, slow).

Vanquished Creatures
  Grinder (D:3)
  A yak (shapeshifter) (D:3)
  A scorpion (shapeshifter) (D:3)
  A killer bee (D:2)
  2 orc priests (D:2)
  Terence (D:3)
  Jessica (D:3)
  4 gnolls (D:2)
  A worm (D:2)
  8 orcs
  6 ball pythons
  4 endoplasms
  2 giant cockroaches
  5 hobgoblins
  2 jackals (D:2)
  4 kobolds
  2 quokkas
  2 bats
  A frilled lizard (D:2)
  7 goblins
  5 rats
61 creatures vanquished.

Notes
Turn   | Place    | Note
-------+----------+-------------------------------------------
     0 | D:1      | monsoonserge the Mummy Chaos Knight began the quest for the
                  | Orb.
     0 | D:1      | Reached XP level 1. HP: 18/18 MP: 1/1
   171 | D:1      | XOM: silly message
   415 | D:1      | XOM: potion effect (invisibility)
   418 | D:1      | Reached XP level 2. HP: 24/24 MP: 2/2
   669 | D:2      | Found a sparkling altar of Nemelex Xobeh.
   669 | D:2      | XOM: 2-stop teleportation journey
   711 | D:2      | Reached skill level 1 in Dodging
   711 | D:2      | Gained mutation: You are in touch with the powers of death.
                  | [Mummy growth]
   711 | D:2      | Reached XP level 3. HP: 13/29 MP: 3/3
   712 | D:2      | Reached XP level 4. HP: 17/36 MP: 4/4
   859 | D:2      | XOM: 1-stop teleportation journey
  1017 | D:2      | XOM: cloud trail
  1339 | D:2      | XOM: scenery: create altars
  1344 | D:2      | XOM: polymorph adder -> killer bee
  1358 | D:2      | Reached XP level 5. HP: 19/42 MP: 5/5
  1514 | D:2      | XOM: cloud trail
  1726 | D:3      | XOM: polymorph orc -> ball python
  1833 | D:3      | XOM: divination: detect items
  1840 | D:3      | Found a hide-covered altar of Uskayaw.
  1872 | D:3      | Noticed Jessica
  1877 | D:3      | XOM: confuse monster(s)
  1880 | D:3      | Killed Jessica
  1881 | D:3      | XOM: noise
  2002 | D:3      | Noticed Grinder
  2003 | D:3      | Noticed Terence
  2014 | D:3      | XOM: confuse monster(s)
  2024 | D:3      | XOM: confuse monster(s)
  2024 | D:3      | Killed Terence
  2029 | D:3      | XOM: divination: magic mapping
  2032 | D:3      | an orc priest changed into a shapeshifter
  2032 | D:3      | Noticed a shapeshifter (shapeshifter)
  2032 | D:3      | a shapeshifter changed into a yak
  2032 | D:3      | Noticed a yak (shapeshifter)
  2033 | D:3      | XOM: divination: detect items
  2034 | D:3      | XOM: summons friendly ufetubus
  2035 | D:3      | XOM: enchant monster (good)
  2044 | D:3      | Killed a yak
  2045 | D:3      | Reached skill level 1 in Evocations
  2045 | D:3      | Reached XP level 6. HP: 14/48 MP: 6/6
  2074 | D:3      | Killed Grinder
  2075 | D:3      | Reached skill level 1 in Stealth
  2075 | D:3      | Reached XP level 7. HP: 5/54 MP: 7/7
  2175 | D:3      | XOM: noise
  2293 | D:3      | a hobgoblin changed into a shapeshifter
  2293 | D:3      | Noticed a shapeshifter (shapeshifter)
  2293 | D:3      | a shapeshifter changed into a yak
  2293 | D:3      | Noticed a yak (shapeshifter)
  2299 | D:3      | a yak changed into a blink frog
  2299 | D:3      | Noticed a blink frog (shapeshifter)
  2305 | D:3      | XOM: scenery: create altars
  2363 | D:3      | Found a runed translucent door.
  2364 | D:3      | Noticed Crazy Yiuf
  2377 | D:3      | Mangled by Crazy Yiuf

Illustrated notes

Levels and vault maps discovered:
D:1:      scummos_arrival_simple_fountains, layout_loops_ring,
          chequers_serial_rivers_large_a
D:2:      layout_loops_cross, basic_altar
D:3:      layout_basic, amcnicky_altar_gilded, minmay_goblin_outpost,
          uniq_terence, uniq_jessica, uniq_crazy_yiuf_cottage, uniq_grinder

Skill      XL: |  1  2  3  4  5  6 |
---------------+-------------------+-----
Axes           | 3 4 |  4.9
Dodging        | 1 2 |  2.5
Armour         | 2 3 |  3.0
Fighting       | 4 |  4.3
Evocations     | 1 |  1.0
Stealth        | 1 |  1.1

Action                     |  1- 3 |  4- 6 |  7- 9 || total
---------------------------+-------+-------+-------++-------
  Melee: Hand axe          |    58 |   141 |    22 ||   221
         Punch             |       |     2 |       ||     2
  Evoke: Piece from Xom's  |       |     7 |     4 ||    11
   Stab: Confused          |       |     3 |       ||     3
         Paralysed         |       |     1 |       ||     1
 Armour: Leather armour    |    24 |    34 |     3 ||    61
  Dodge: Dodged            |    22 |    77 |     4 ||   103
